 Dungeon Crawl Stone Soup version 0.28-a0-724-g66f9036eb4 (webtiles) character file.

Game seed: 4983021244114664829

2 flotson the Sneak (level 1, 0/18 HPs)
             Began as a Demonspawn Delver on Oct 26, 2021.
             Slain by an adder (3 damage)
             ... on level 3 of the Dungeon.
             The game lasted 00:00:34 (189 turns).

flotson the Sneak (Demonspawn Delver)                Turns: 189, Time: 00:00:34

Health: 0/18       AC:  3    Str: 12    XL:     1   Next: 25%
Magic:  1/1        EV: 11    Int: 11    God:
Gold:   10         SH:  0    Dex: 14    Spells: 0/0 levels left

rFire   . . .      SeeInvis .   a - +0 hand axe
rCold   . . .      Faith    .   (no shield)
rNeg    . . .      Spirit   .   b - +0 leather armour
rPois   .          Reflect  .   (no helmet)
rElec   .          Harm     .   (no cloak)
rCorr   .          Rampage  .   (no gloves)
Will    .....                   (no boots)
Stlth   +++.......              (no amulet)
HPRegen 0.06/turn               (no ring)
MPRegen 0.07/turn               (no ring)

@: lethally poisoned (0 -> -7), hasted, very quick
A: no striking features
a: no special abilities


You were on level 3 of the Dungeon.
You visited 1 branch of the dungeon, and saw 3 of its levels.

You collected 10 gold pieces.

Inventory:

Hand Weapons
 a - a +0 hand axe (weapon)
Armour
 b - a +0 leather armour (worn)
Wands
 g - a wand of digging (3)
Scrolls
 c - a scroll of fog
 e - a scroll of fear
 h - a scroll of holy word {unknown}
Potions
 d - a potion of ambrosia {unknown}


   Skills:
 + Level 3.0 Fighting
 + Level 1.7 Axes
 + Level 1.7 Dodging
 + Level 4.6 Stealth


You couldn't memorise any spells.
You didn't know any spells.
Your spell library was empty.

Dungeon Overview and Level Annotations

Branches:
Dungeon (5/15)
 Temple: D:4-7

Altars:


Message History

(D) Dungeon
Where to? (Enter - D:3, ? - help)
There is a stone staircase leading up here.
You climb upwards.
You hear the sound of rushing water.
There is an entrance to a sewer on this level.
Hurry and find it before the portal rusts away!
Found 5 gold pieces.
There is a stone staircase leading down here.
As you read the scroll of magic mapping, it crumbles to dust.
You feel aware of your surroundings.
You sensed 1 shop/portal.
Found an amethyst potion.
A bat comes into view.
The helpless bat fails to defend itself.
You hit the bat.
You kill the bat!
No target in view!
No target in view!
An adder comes into view.
The adder hisses angrily.
The adder bites you.
You are poisoned.
The adder poisons you!
You see here an amethyst potion.
d - an amethyst potion You feel sick.
The adder bites you.
You feel yourself speed up.
You feel sick. The adder barely misses you.
You hit the adder.
The adder is heavily wounded.
You feel sick. The adder barely misses you.
You hit the adder.
The adder is heavily wounded.
You feel sick. The adder bites you.
* * * LOW HITPOINT WARNING * * *
You are lethally poisoned!
The adder poisons you!
You hit the adder.
The adder is severely wounded.
* * * LOW HITPOINT WARNING * * *
You feel sick. The adder bites you.
You die...

*,* *,* *******, *,* *,*
***** *, *,* *,##***,,,* *,
********,* *,.,,,,,*,* *,
,,,,,,,,,* ###*.#****,,,* *,
********** ##.##.# **,** *,
**,*######.....* *,,****,
*,,,.........### *#..,,,,
**,**###...@S..####**#.#****
**,**#.............,,..# *
****,,,*#.#.......####**#.#
* *,,,,,,,,,##....###
##$####* ***,**,,,****#....#
#.....,, ,,,,,<,,**
#.#.#########..#****
***,***** *#.#............#
* *,* *..############.# *
*,* #.#* #>#****


You could see an adder.

Vanquished Creatures
  A goblin (D:4)
  A bat (D:3)
2 creatures vanquished.

Notes
Turn   | Place    | Note
-------+----------+-------------------------------------------
     0 | D:5      | flotson the Demonspawn Delver began the quest for the Orb.
     0 | D:5      | Reached XP level 1. HP: 18/18 MP: 1/1
   189 | D:3      | Slain by an adder

Illustrated notes

Levels and vault maps discovered:
D:3:      layout_loops_ring, portal_sewer_entry_e
D:4:      layout_loops_ring, kennysheep_mini_moat,
          ebering_ghost_reflecting_pool, grunt_ministairs_11, uniq_duvessa,
          uniq_pikel, uniq_robin, uniq_natasha
D:5:      layout_loops_ring, lemuel_crystal_altar,
          mainiacjoe_overflow_boulevard, minmay_temple_entry_waves,
          uniq_eustachio

Action                   || total
-------------------------++-------
Melee: Hand axe          ||     7
  Use: Scroll            ||     1
       Potion            ||     1
 Stab: Sleeping          ||     1
Dodge: Dodged            ||     3

Table legend: (Time is in decaauts)
 A = Elapsed time spent in this place.
 B = Non-inter-level travel time spent in this place.
 C = Inter-level travel time spent in this place.
 D = Time resting spent in this place.
 E = Time spent auto-exploring this place.
 F = Levels seen in this place.
 G = Mean time per level.
                   A        B        C        D        E       F      G
               +--------+--------+--------+--------+--------+-----+--------+
         Total |    189 |    130 |     59 |      0 |    100 |   3 |   63.0 |
       Dungeon |    189 |    130 |     59 |      0 |    100 |   3 |   63.0 |
               +--------+--------+--------+--------+--------+-----+--------+

Top non-repeatable levels by time:
     D:5: 135 daAuts
     D:4: 28 daAuts
     D:3: 25 daAuts
